 Dungeon Crawl Stone Soup version 0.15-a0-809-g8e1b895 (webtiles) character file.

46 4tharraofdagon the Insei (level 3, -2/21 HPs)
             Began as a Kobold Transmuter on May 14, 2014.
             Slain by a hound (3 damage)
             ... on Level 4 of the Dungeon.
             The game lasted 00:02:54 (568 turns).

4tharraofdagon the Insei (Kobold Transmuter)         Turns: 568, Time: 00:02:54

HP  -2/21        AC  2     Str  9      XL: 3   Next: 92%
MP   1/5         EV 15     Int 11      God:
Gold 32          SH  0     Dex 16      Spells:  2 memorised,  2 levels left

rFire  . . .     SeeInvis .       - Unarmed
rCold  . . .     Clarity  .     c - +0 robe
rNeg   . . .     Conserve .     (no shield)
rPois  .         rCorr    .     (no helmet)
rElec  .         rRot     .     (no cloak)
SustAb . .       Spirit   .     (no gloves)
rMut   .         Warding  .     (no boots)
Gourm  .         Stasis   .     (no amulet)
MR     .....                    (no ring)
                                (no ring)

@: very slightly contaminated, not resistant to hostile enchantments, very
unstealthy
A: disease resistance, carnivore 3, low mp 1, slow healing 1, slow metabolism 1
a: no special abilities


You were on level 4 of the Dungeon.
You were full.

You visited 1 branch of the dungeon, and saw 4 of its levels.

You collected 32 gold pieces.

Inventory:

Missiles
 b - 12 arrows
Armour
 c - a +0 robe (worn)
Comestibles
 a - 2 meat rations
Scrolls
 e - 2 scrolls of remove curse {unknown}
 f - a scroll of identify {unknown}
 h - 2 scrolls of random uselessness {unknown}
Jewellery
 g - an uncursed amulet of stasis
Books
 d - a book of Changes

   Spells                             Type                      Level
   *Beastly Appendage                 Transmutation                1
   Sticks to Snakes                   Transmutation                2
   *Spider Form                       Transmutation/Poison         3
   Ice Form                           Ice/Transmutation            4
   Blade Hands                        Transmutation                5


   Skills:
 - Level 1.7 Fighting
 - Level 2.6 Dodging
 - Level 3.2 Unarmed Combat
 - Level 2.1 Spellcasting
 + Level 2.9 Transmutations


You had 2 spell levels left.
You knew the following spells:

 Your Spells              Type           Power        Failure   Level  Hunger
a - Beastly Appendage     Trmt           #.....       12%         1    ##.....
b - Spider Form           Trmt/Pois      #.........   61%         3    ####...


Dungeon Overview and Level Annotations

Branches:
Dungeon (4/15)
 Temple: D:4-7

Altars:
Yredelemnul
Zin


Innate Abilities, Weirdness & Mutations

You recuperate from illness quickly.
You are small and have problems with some larger weapons.
You are carnivorous and can eat meat at any time.
Your magical capacity is low (-10% MP).
You heal slowly when monsters are visible.
You have a slow metabolism.


Message History

You are too injured to fight recklessly!
You are too injured to fight recklessly!
You are too injured to fight recklessly!
You hit the hound but do no damage.
The hound is almost dead.
The hound barely misses you.
You closely miss the hound.
The hound is almost dead.
The hound closely misses you. The hound bites you.
* * * LOW HITPOINT WARNING * * *
Drink which item? (? for menu, Esc to quit)
You feel extremely strange.
You feel less energetic.
Your metabolism slows.
Your natural healing is weakened.
It was a potion of mutation.
The hound barely misses you.
Unknown command.
You closely miss the hound.
The hound is almost dead.
The hound bites you.
You die...

#####
#...#############
#...#........@h.#
####...#<#########.#
#.........###### ..
#............<.# +#
#.........####.#
####...#.## #.#
#...#.# #.###
#...#.#####.#.###
##.##.##...)....#


You could see a hound.

Vanquished Creatures
  A worker ant (D:4)
  An adder (D:2)
  An orc (D:3)
  3 giant cockroaches
  2 hobgoblins
  3 kobolds
  2 quokkas
  3 rats
16 creatures vanquished.

Notes
Turn   | Place    | Note
--------------------------------------------------------------
     0 | D:1      | 4tharraofdagon, the Kobold Transmuter, began the quest for the Orb.
     0 | D:1      | Reached XP level 1. HP: 12/12 MP: 3/3
    99 | D:2      | Reached XP level 2. HP: 2/16 MP: 4/4
   266 | D:3      | Noticed an ogre
   334 | D:3      | Reached XP level 3. HP: 7/21 MP: 4/6
   339 | D:3      | Learned a level 3 spell: Spider Form
   467 | D:3      | Found a glowing silver altar of Zin.
   470 | D:3      | Found a basalt altar of Yredelemnul.
   566 | D:4      | HP: 1/21 [hound (4)]
   567 | D:4      | Gained mutation: Your magical capacity is low (-10% MP). [potion of mutation]
   567 | D:4      | Gained mutation: You have a slow metabolism. [potion of mutation]
   567 | D:4      | Gained mutation: You heal slowly when monsters are visible. [potion of mutation]
   568 | D:4      | Slain by a hound

Action                   || total
-------------------------++-------
Melee: Unarmed           ||   101
 Cast: Beastly Appendage ||     7
       Spider Form       ||     1
  Use: Potion            ||     4

Vault maps used:
D:1:      saegor_arrival_simple_d, st_stairs_10
D:3:      amethyst_overflow_temple_binary, lemuel_doored_altar
D:4:      gammafunk_temple_overflow_statue, first_bread, serial_glass,
          glass_columns_c, glass_columns_a
